 Dungeon Crawl Stone Soup version 0.30-a0-879-ga8ba668304 (webtiles) character file.

Game seed: 1304823831172241574

3042 cforsyth the Fighter (level 9, -4/77 (78) HPs)
             Began as a Barachi Fighter on Mar 13, 2023.
             Was a Priest of Cheibriados.
             Slain by Amaemon
             ... wielding a +0 demon whip of venom
              (6 damage)
             ... on level 8 of the Dungeon.
             The game lasted 00:09:24 (6285 turns).

cforsyth the Fighter (Barachi Fighter)              Turns: 6285, Time: 00:09:24

HP:   -4/77 (78)    AC: 13    Str: 31    XL:     9   Next: 86%
MP:   9/9           EV: 10    Int: 19    God:    Cheibriados [***...]
Gold: 234           SH:  6    Dex: 21    Spells: 8/8 levels left

rFire   x . .      SeeInvis .    G - +12 mace of Light {pain, Fly rF- rC+ Str+3}
rCold   + . .      Faith    .    c - +0 buckler
rNeg    . . .      Spirit   .    b - +0 scale mail
rPois   .          Reflect  .    (helmet restricted)
rElec   .          Rampage  .    E - +1 cloak {Will+}
rCorr   .                        (no gloves)
Will    +....                    (no boots) Stlth
                                 j - amulet of regeneration
HPRegen 1.12/turn                u - +6 ring of intelligence
MPRegen 0.11/turn                (no ring)

@: lethally poisoned (-4 -> -41), weakened, flying, lightly drained, very slow
A: amphibious, slowness 1, strong legs 1, +LOS, antennae 1, iridescent scales 1,
agile 1, subdued magic 1
a: Hop, Renounce Religion, Bend Time, Temporal Distortion


You were on level 8 of the Dungeon.
You worshipped Cheibriados.
Cheibriados was most pleased with you.
You visited 1 branch of the dungeon, and saw 8 of its levels.

You collected 450 gold pieces.
You spent 216 gold pieces at shops.

Inventory:

Hand Weapons
 a - a +0 war axe
 B - the +5 mace of Gusew {spect, rF++ rC+ Will- Stlth+}
   (You bought it in a shop on level 6 of the Dungeon)

   rF:        It greatly protects you from fire.
   rC:        It protects you from cold.
   Will:      It decreases your willpower.
   Stlth:     It makes you more stealthy.
 G - the +12 mace of Light (weapon) {pain, Fly rF- rC+ Str+3}
   (You found it on level 7 of the Dungeon)

   Str:       It affects your strength (+3).
   rF:        It makes you vulnerable to fire.
   rC:        It protects you from cold.
   Fly:       It grants you flight.
Missiles
 H - a throwing net
Armour
 b - a +0 scale mail (worn)
 c - a +0 buckler (worn)
 s - a +0 helmet
 E - a +1 cloak of willpower (worn)
Jewellery
 j - an amulet of regeneration (around neck)
 u - a +6 ring of intelligence (left hand)
Wands
 k - a wand of flame (5)
 p - a wand of digging (5)
 q - a wand of mindburst (7)
 r - a wand of charming (8)
Scrolls
 h - 3 scrolls of fog
 t - 2 scrolls of fear {unknown}
 v - a scroll of amnesia {unknown}
 w - 2 scrolls of enchant weapon {unknown}
 y - a scroll of poison {unknown}
 A - a scroll of teleportation {unknown}
 D - a scroll of identify
 F - a scroll of brand weapon {unknown}
Potions
 d - a potion of might
 e - a potion of haste
 f - a potion of mutation
 g - a potion of lignification {unknown}
 i - a potion of cancellation {unknown}
 l - a potion of invisibility {unknown}
 m - 2 potions of curing
 n - a potion of experience {unknown}
 o - 2 potions of heal wounds
 x - 2 potions of flight {unknown}
 z - a potion of attraction {unknown}
 C - a potion of berserk rage {unknown}
 I - a potion of ambrosia {unknown}


   Skills:
 + Level 9.7 Fighting
 + Level 8.5 Axes
 + Level 9.7 Armour
 - Level 5.0 Shields


You had 8 spell levels left.
You didn't know any spells.
Your spell library contained the following spells:

 Spells                   Type           Power      Damage    Failure   Level
 Scorch                   Fire           0%         2d5       54%         2
 Ozocubu's Armour         Ice            0%         N/A       78%         3
 Flame Wave               Conj/Fire      0%         2d4       99%         4
 Petrify                  Tmut/Erth      0%         N/A       99%         4
 Metabolic Englaciation   Hex/Ice        0%         N/A       100%        5
 Statue Form              Tmut/Erth      0%         N/A       100%        6
 Summon Cactus Giant      Summ           0%         N/A       100%        6
 Ozocubu's Refrigeration  Ice            0%         4d7       100%        7


Dungeon Overview and Level Annotations

Branches:
Dungeon (8/15)             Temple (0/1) D:5
   Lair: D:8-11

Altars:
Cheibriados
Kikubaaqudgha
Makhleb
Qazlal
Sif Muna

Shops:
D:6 =(

Annotations:
D:8 Amaemon


Innate Abilities, Weirdness & Mutations

You are amphibious.
You cover ground slowly.
You can hop short distances.
You have an extended range of vision and can be seen from far away.
You have a pair of small antennae on your head.
You are partially covered in iridescent scales. (AC +2)
You are agile. (Dex +4, Str/Int -1)
Your spells are a little easier to cast, but a little less powerful.


Message History

You feel very sick.
The orange demon stings you but does no damage.
The orange demon hits you but does no damage.
Amaemon hits you with a +0 demon whip of venom.
You are more poisoned.
Amaemon claws you. You block Amaemon's attack. The scorpion stings you. x2
You block the scorpion's attack.
You are too injured to fight recklessly!
You are too injured to fight recklessly!
You are too injured to fight recklessly!
You are too injured to fight recklessly!
You are too injured to fight recklessly!
You are too injured to fight recklessly!
You are too injured to fight recklessly!
You sock Amaemon!
Amaemon is heavily wounded.
You feel extremely sick.
The scorpion stings you but does no damage.
The scorpion barely misses you. You block the scorpion's attack.
The orange demon stings you!
* * * LOW HITPOINT WARNING * * *
The orange demon barely misses you.
Amaemon hits you with a +0 demon whip of venom.
* * * LOW HITPOINT WARNING * * *
You are more poisoned.
Amaemon claws you but does no damage. Amaemon barely misses you.
The bullfrog swells and bulges.
The scorpion stings you but does no damage.
The scorpion stings you.
* * * LOW HITPOINT WARNING * * *
You are more poisoned.
The scorpion poisons you!
The scorpion stings you but does no damage.
The orange demon stings you.
* * * LOW HITPOINT WARNING * * *
The orange demon hits you.
* * * LOW HITPOINT WARNING * * *
You feel your attacks grow feeble.
Amaemon hits you with a +0 demon whip of venom.
You die...

#####.............
#...##............
#...###......)...#
##...........).<.#
##.......#....))...
###.....#..#.........
####......###...........
#.....s##.# #...........
#.....s@### #...........
##.##.s64# #...###+###.
# ##.Fss. #..## #
#........## #.......##
......?.# ........#
.........+ .........#


You could see Amaemon, an orange demon, a bullfrog and 5 scorpions.

Vanquished Creatures
  Maggie (D:6)
  A wyvern (D:8)
  Eustachio (D:4)
  Menkaure (D:4)
  A steam dragon (D:7)
  2 water moccasins (D:6)
  Duvessa (D:4)
  A black bear (D:5)
  An ogre (D:6)
  Blork the orc (D:6)
  3 bullfrogs
  3 scorpions
  3 wights (D:7)
  Dowan (D:4)
  A howler monkey (D:5)
  2 jellies
  5 orc priests
  5 hounds
  2 sleepcaps
  Crazy Yiuf (D:6)
  Ijyb (D:4)
  2 iguanas
  9 orc wizards
  10 adders
  7 gnolls
  3 white imps
  An ufetubus (D:4)
  4 worms
  5 dart slugs
  32 orcs
  7 endoplasms
  3 giant cockroaches
  4 goblins
  5 hobgoblins
  4 jackals
  5 kobolds
  3 quokkas
  4 ball pythons
  9 bats
  9 frilled lizards
  9 rats
173 creatures vanquished.

Vanquished Creatures (others)
  2 plants (D:1)
2 creatures vanquished.

Grand Total: 175 creatures vanquished

Notes
Turn   | Place    | Note
-------+----------+-------------------------------------------
     0 | D:1      | cforsyth the Barachi Fighter began the quest for the Orb.
     0 | D:1      | Reached XP level 1. HP: 18/18 MP: 1/1
   135 | D:1      | Reached XP level 2. HP: 25/25 MP: 2/2
   267 | D:1      | Found a faded altar of an unknown god.
   385 | D:1      | Reached XP level 3. HP: 25/30 MP: 3/3
  1247 | D:2      | Reached XP level 4. HP: 30/37 MP: 4/4
  1822 | D:3      | Reached XP level 5. HP: 42/43 MP: 5/5
  1989 | D:3      | You fall into a shaft and drop 1 floor!
  2118 | D:3      | Reached skill level 5 in Fighting
  2118 | D:3      | Reached skill level 5 in Armour
  2118 | D:3      | Reached XP level 6. HP: 44/51 MP: 6/6
  2263 | D:3      | Found a stormy altar of Qazlal.
  2265 | D:3      | Noticed Ijyb
  2976 | D:4      | Killed Ijyb
  2977 | D:4      | Reached skill level 5 in Shields
  2977 | D:4      | Reached XP level 7. HP: 54/56 MP: 7/7
  3035 | D:4      | Noticed Duvessa
  3036 | D:4      | Noticed Dowan
  3050 | D:4      | Gained mutation: Your spells are a little easier to cast,
                  | but a little less powerful. [potion of mutation]
  3050 | D:4      | Gained mutation: You have hidden genetic potential. [potion
                  | of mutation]
  3050 | D:4      | Gained mutation: You are partially covered in iridescent
                  | scales. (AC +2) [potion of mutation]
  3055 | D:4      | Killed Duvessa
  3063 | D:4      | Killed Dowan
  3064 | D:4      | Reached skill level 5 in Axes
  3081 | D:4      | Noticed Eustachio
  3127 | D:4      | Killed Eustachio
  3399 | D:4      | Reached XP level 8. HP: 46/65 MP: 8/8
  3617 | D:4      | Noticed Menkaure
  3626 | D:4      | Killed Menkaure
  3636 | D:4      | Gained mutation: You are agile. (Dex +4, Str/Int -1)
                  | [hidden potential]
  3773 | D:4      | Found a snail-covered altar of Cheibriados.
  3774 | D:4      | Found a shimmering blue altar of Sif Muna.
  3779 | D:4      | Became a worshipper of Cheibriados the Contemplative
  4042 | D:5      | Entered Level 5 of the Dungeon
  4082 | D:5      | Found a staircase to the Ecumenical Temple.
  4180 | D:5      | Found a burning altar of Makhleb.
  4464 | D:5      | Reached * piety under Cheibriados
  4820 | D:6      | Found a runed translucent door.
  4821 | D:6      | Noticed Crazy Yiuf
  4843 | D:6      | Noticed Blork the orc
  4863 | D:6      | Killed Blork the orc
  4904 | D:6      | Found an ancient bone altar of Kikubaaqudgha.
  5005 | D:6      | Noticed Maggie
  5012 | D:6      | Reached ** piety under Cheibriados
  5013 | D:6      | Reached XP level 9. HP: 64/74 MP: 9/9
  5032 | D:6      | Killed Maggie
  5055 | D:6      | Gained mutation: You have a pair of small antennae on your
                  | head. [hidden potential]
  5055 | D:6      | Lost mutation: You have hidden genetic potential. [hidden
                  | potential expressed]
  5114 | D:6      | Found Wonnihoc's Jewellery Shoppe.
  5149 | D:6      | Found Afu Toff's Antique Weapon Emporium.
  5153 | D:6      | Bought a crude mace for 216 gold pieces
  5153 | D:6      | Identified the +5 mace of Gusew {spect, rF++ rC+ Will-
                  | Stlth+} (You bought it in a shop on level 6 of the Dungeon)
  5369 | D:6      | Killed Crazy Yiuf
  6014 | D:7      | Identified the +12 mace of Light {pain, Fly rF- rC+ Str+3}
  6225 | D:8      | Reached *** piety under Cheibriados
  6277 | D:8      | Noticed Amaemon
  6277 | D:8      | Noticed an orange demon
  6285 | D:8      | HP: 2/77 [orange demon[Amaemon] (2)]
  6285 | D:8      | Slain by Amaemon

Illustrated notes

Levels and vault maps discovered:
D:1:      sevenhm_arrival_forest_fort_large_4, layout_loops_cross,
          chequers_ecumenical_altar_lobes, minmay_tetromino_s4
D:2:      layout_basic, minmay_lizard_pond
D:3:      layout_basic, grunt_qazlal_sundering, uniq_ijyb
D:4:      layout_layer_cave, nicolae_overflow_two_pavilions, uniq_menkaure,
          uniq_duvessa, uniq_eustachio
D:5:      layout_cave_pods, mainiacjoe_overflow_paths, temple_statues,
          grunt_ministairs_11
D:6:      layout_basic, mainiacjoe_overflow_alcove_1, serial_shops, shop, shop,
          uniq_maggie, uniq_blork_the_orc, uniq_crazy_yiuf_cottage
D:7:      layout_rooms
D:8:      minmay_the_grid_octo_tiled_octocenter [minmay_the_grid_octo_toaster,
          minmay_the_grid_octo_checkered, minmay_the_grid_octo_concentric,
          minmay_the_grid_octo_teeth, minmay_the_grid_octo_prize_star,
          minmay_the_grid_square_5x5_shrine2,
          minmay_the_grid_square_5x5_checkered_statues,
          minmay_the_grid_square_5x5_spiral,
          minmay_the_grid_square_5x5_almost_minimal], layout_cave_pools,
          grunt_ashenzari_visionary [grunt_ashenzari_visionary_swamp,
          grunt_ashenzari_visionary_spider], enter_bailey_3, uniq_amaemon

Skill      XL: |  1  2  3  4  5  6  7  8  9 |
---------------+----------------------------+-----
Fighting       | 4 5 6 8 9 |  9.7
Armour         | 4 5 6 8 9 |  9.7
Axes           | 3 4 5 7 8 |  8.5
Shields        | 4 5 |  5.0

Action                     |  1- 3 |  4- 6 |  7- 9 || total
---------------------------+-------+-------+-------++-------
  Melee: War axe           |   121 |   177 |   219 ||   517
         Mace              |       |       |    70 ||    70
    Use: Scroll            |       |       |     5 ||     5
         Potion            |       |       |     3 ||     3
   Stab: Sleeping          |       |       |     1 ||     1
 Armour: Scale mail        |    67 |    91 |   165 ||   323
  Dodge: Dodged            |    60 |    85 |   171 ||   316
  Block: Buckler           |    33 |    52 |   127 ||   212

Table legend: (Time is in decaauts)
 A = Elapsed time spent in this place.
 B = Non-inter-level travel time spent in this place.
 C = Inter-level travel time spent in this place.
 D = Time resting spent in this place.
 E = Time spent auto-exploring this place.
 F = Levels seen in this place.
 G = Mean time per level.
                   A        B        C        D        E       F      G
               +--------+--------+--------+--------+--------+-----+--------+
         Total |   8054 |   7741 |    313 |    774 |   5523 |   8 | 1006.8 |
       Dungeon |   8054 |   7741 |    313 |    774 |   5523 |   8 | 1006.8 |
               +--------+--------+--------+--------+--------+-----+--------+

Top non-repeatable levels by time:
     D:4: 1519 daAuts
     D:6: 1411 daAuts
     D:3: 1126 daAuts
     D:5: 1111 daAuts
     D:2: 1111 daAuts
     D:1: 1075 daAuts
     D:7: 596 daAuts
     D:8: 101 daAuts
